 Dungeon Crawl Stone Soup version 0.29.1-15-g9cfb28693d (webtiles) character file.

Game seed: 1395829923932421024

973 tizbic2 the Trooper (level 8, -2/80 (87) HPs)
             Began as an Ogre Berserker on Apr 27, 2023.
             Was a Priest of Trog.
             Slain by Psyche
             ... wielding a +4 dagger of chaos
              (3 damage)
             ... on level 8 of the Dungeon.
             The game lasted 00:13:16 (3296 turns).

tizbic2 the Trooper (Ogre Berserker)                Turns: 3296, Time: 00:13:16

HP:   -2/80 (87)    AC:  0    Str: 24    XL:     8   Next: 16%
MP:   8/8           EV: 21    Int:  8    God:    Trog [***...]
Gold: 199           SH:  0    Dex: 13    Spells: 7/7 levels left

rFire   . . .      SeeInvis .   (weapon currently unavailable)
rCold   . . .      Faith    .   (shield currently unavailable)
rNeg    . . .      Spirit   .   (body armour currently unavailable)
rPois   .          Reflect  .   (helmet currently unavailable)
rElec   .          Harm     .   (cloak currently unavailable)
rCorr   .          Rampage  .   (gloves unavailable)
Will    .....                   (boots unavailable)
Stlth   +.........              u - amulet of regeneration
HPRegen 1.03/turn               (ring currently unavailable)
MPRegen 0.11/turn               (ring currently unavailable)

@: confused, lethally poisoned (-2 -> -2), bat-form, ambrosia-drunk, on berserk
cooldown, flying, hasted and slowed, drained, very quick
A: fast, flying, no casting, tiny, unfitting armour, (tough skin 1)
a: Renounce Religion, Berserk, Trog's Hand


You were on level 8 of the Dungeon.
You worshipped Trog.
Trog was most pleased with you.
You were a bat.
You visited 2 branches of the dungeon, and saw 7 of its levels.

You collected 199 gold pieces.

Inventory:

Hand Weapons
 a - a +6 dire flail (melded)
 d - a +3 whip of flaming
 h - a +0 dagger of speed
 r - a +0 hand axe
 w - a +0 sling
 F - a +0 spear of venom
 H - a +1 dire flail of holy wrath
Missiles
 e - 4 boomerangs
 i - 8 poisoned darts
 k - 5 javelins
 B - a throwing net (quivered)
Armour
 b - a +0 animal skin
 c - a +0 robe (melded)
 n - a +0 cloak (melded)
 G - a +0 kite shield
Jewellery
 q - a ring of poison resistance (melded)
 u - an amulet of regeneration (around neck)
Scrolls
 l - 2 scrolls of teleportation {unknown}
 o - 2 scrolls of magic mapping {unknown}
 p - a scroll of enchant weapon {unknown}
 t - 3 scrolls of enchant armour {unknown}
 v - 2 scrolls of fear {unknown}
 y - a scroll of fog {unknown}
 D - a scroll of identify
 E - a scroll of silence {unknown}
Potions
 j - a potion of lignification {unknown}
 m - a potion of attraction {unknown}
 s - a potion of might
 x - a potion of flight
 z - 2 potions of haste {unknown}
 A - a potion of brilliance {unknown}
 C - a potion of magic {unknown}


   Skills:
 + Level 7.2 Fighting
 * Level 6.4 Maces & Flails
 + Level 5.0 Dodging


You had 7 spell levels left.
You didn't know any spells.
Your spell library was empty.

Dungeon Overview and Level Annotations

Branches:
Dungeon (5/15)             Temple (1/1) D:4

Altars:
Ashenzari
Cheibriados
Dithmenos
Elyvilon
Gozag
Hepliaklqana
Nemelex Xobeh
Okawaru
Qazlal
Ru
Trog
Uskayaw
Xom
Zin

Shops:
D:3 (

Portals:
Bailey: D:8

Annotations:
D:8 Psyche


Innate Abilities, Weirdness & Mutations

You are a bat.
You are tiny and dextrous.
You move quickly.
You are flying.
Your equipment is almost entirely melded.
You are incapable of wielding weapons or throwing items.
You cannot cast spells.
You are too large for most types of armour.
((You have tough skin. (AC +1)))


Message History

You feel very sick.
The centaur shoots an arrow.
The arrow hits you!
Found a scroll of identify.
You feel sick.
The centaur shoots an arrow.
The arrow hits you!
* * * LOW HITPOINT WARNING * * *
Found a scroll labelled IROQIREINT.
You feel sick.
A wight comes into view.
It is wielding a +3 long sword of freezing.
You feel sick. Something hits you.
* * * LOW HITPOINT WARNING * * *
Something freezes you.
* * * LOW HITPOINT WARNING * * *
You feel sick. The wight barely misses you.
You see here a scroll of identify.
You are confused.
You feel invigorated.
You feel sick.
You hear some strange, mumbled words.
The wight hits you with a +3 long sword of freezing!
* * * LOW HITPOINT WARNING * * *
You feel drained.
* * * LOW HITPOINT WARNING * * *
The wight freezes you.
* * * LOW HITPOINT WARNING * * *
Something misses you.
Unknown command.
You bump into the rock wall.
You feel sick. Something hits you!
* * * LOW HITPOINT WARNING * * *
The wight completely misses you. The wight closely misses you.
You hear some strange, mumbled words.
A swirling arc of seething chaos appears!
An arc of chaos appears from out of thin air!
The arc of chaos hits you!
You feel yourself speed up.
The arc of chaos hits the wight.
The wight looks slightly unstable.
Unknown command.
It was a potion of flight.
You feel more buoyant.
You feel sick. Something hits you.
* * * LOW HITPOINT WARNING * * *
You feel drained.
You die...

.. .# .# #.#####
....?.#
#####......#
####cg.........
#:...##b#####.
########..g.##z#
#..gS..Sc...##..
..#.#####.g....###.
........g......+ ..
.....g###......# #.
≈≈≈≈≈.# #.###### ..
≈...≈g# #.# ..
≈>∩.g.# #.#


You could see a centaur, a wight (teleporting) and a goblin.

Vanquished Creatures
  Grinder (D:3)
  Sigmund (D:3)
  Edmund (D:4)
  A black bear (D:4)
  2 ogres (D:3)
  A scorpion (D:4)
  The ghost of adizb the Trooper, a weakling OgFi (D:3)
  Robin (D:4)
  3 adders
  3 dart slugs
  An orc (D:4)
  5 ball pythons
  10 bats
  8 endoplasms
  16 goblins
  9 hobgoblins
  7 jackals
  8 quokkas
  3 frilled lizards (D:1)
  4 kobolds
  8 rats
94 creatures vanquished.

Vanquished Creatures (others)
  A plant (D:1)
1 creature vanquished.

Grand Total: 95 creatures vanquished

Notes
Turn   | Place    | Note
-------+----------+-------------------------------------------
     0 | D:1      | tizbic2 the Ogre Berserker began the quest for the Orb.
     0 | D:1      | Reached XP level 1. HP: 24/24 MP: 1/1
    45 | D:1      | Reached XP level 2. HP: 32/32 MP: 2/2
   485 | D:1      | Found a faded altar of an unknown god.
   555 | D:1      | Reached XP level 3. HP: 40/40 MP: 3/3
  1229 | D:2      | Reached ** piety under Trog
  1490 | D:2      | Reached XP level 4. HP: 43/49 MP: 4/4
  1666 | D:3      | Found a transporter.
  1666 | D:3      | Noticed an ogre
  1667 | D:3      | Noticed an ogre
  1667 | D:3      | Noticed adizb's ghost (weakling OgFi)
  1777 | D:3      | Found Zikkych's Weapon Boutique.
  1826 | D:3      | Noticed Sigmund
  1842 | D:3      | Killed Sigmund
  1843 | D:3      | Reached skill level 5 in Fighting
  1843 | D:3      | Reached XP level 5. HP: 40/58 MP: 5/5
  1843 | D:3      | Reached XP level 6. HP: 46/66 MP: 6/6
  1927 | D:3      | Found a transporter.
  1942 | D:3      | Killed adizb's ghost
  1943 | D:3      | Reached skill level 6 in Fighting
  1943 | D:3      | Reached skill level 5 in Maces & Flails
  1945 | D:3      | Reached XP level 7. HP: 75/75 MP: 7/7
  2088 | D:3      | Noticed Grinder
  2091 | D:3      | Paralysed by Grinder for 5 turns
  2101 | D:3      | Killed Grinder
  2331 | D:4      | Found a staircase to the Ecumenical Temple.
  2391 | D:4      | Noticed Robin
  2411 | D:4      | Killed Robin
  2558 | D:4      | Reached skill level 7 in Fighting
  2558 | D:4      | Reached XP level 8. HP: 78/87 MP: 8/8
  2609 | D:4      | Reached *** piety under Trog
  2923 | D:4      | Noticed Edmund
  2939 | D:4      | Killed Edmund
  2940 | D:4      | Reached skill level 5 in Dodging
  3050 | Temple   | Entered the Ecumenical Temple
  3258 | D:5      | Entered Level 5 of the Dungeon
  3258 | D:5      | You fall into a shaft and drop 3 floors!
  3266 | D:8      | Found a flagged portal.
  3269 | D:8      | Noticed Psyche
  3294 | D:8      | HP: 4/82 [wight/+3 long sword of freezing (5)]
  3296 | D:8      | HP: 1/82 [something (6)]
  3296 | D:8      | Slain by Psyche

Illustrated notes

Levels and vault maps discovered:
D:1:      evilmike_arrival_crescent, layout_basic,
          shapermc_ecumenical_altar_acropolis
D:2:      layout_loops_ring
D:3:      layout_loops_ring, gammafunk_ghost_smash, serial_shops,
          nicolae_shop_statue_plus, uniq_sigmund, uniq_grinder
D:4:      layout_gridville, temple_pool_b, dreamdust_princess_bridge,
          grunt_decor_mini_mirrors, uniq_edmund, uniq_robin
D:5:      layout_basic, sigmund_army, uniq_prince_ribbit1
D:8:      layout_basic, grunt_lair_entry_orc_guard_hut, serial_shops,
          nicolae_lakefront_shop, enter_bailey_5, minmay_shop_grid_forest,
          uniq_psyche, uniq_maurice
Temple:   eino_narrow_crystal_temple

Skill      XL: |  1  2  3  4  5  6  7  8 |
---------------+-------------------------+-----
Maces & Flails | 3 4 5 6 |  6.4
Dodging        | 3 4 5 |  5.0
Fighting       | 5 6 7 |  7.2

Action                   |  1- 3 |  4- 6 |  7- 9 || total
-------------------------+-------+-------+-------++-------
Melee: Mace              |    85 |       |       ||    85
       Punch             |     1 |       |       ||     1
       Dagger            |     8 |       |       ||     8
       Whip              |    42 |    52 |       ||    94
       Hand axe          |    11 |       |       ||    11
       Dire flail        |       |       |    62 ||    62
       Unarmed           |       |       |     6 ||     6
 Fire: Sling             |       |     2 |     2 ||     4
Invok: Berserk           |     1 |     2 |     2 ||     5
  Use: Scroll            |     2 |     1 |       ||     3
       Potion            |       |       |     3 ||     3
Armor: Robe              |    90 |    17 |    16 ||   123
       Animal skin       |     1 |       |       ||     1
Dodge: Dodged            |   102 |    21 |    58 ||   181
